 Dungeon Crawl Stone Soup version 0.32-a0-918-g0f22ef8d61 (webtiles) character file.

Game seed: 8509771159732377131

384568 DrunkBamboolord the Earth Mage (level 22, -3/137 HPs)
             Began as a Gargoyle Earth Elementalist on Apr 10, 2024.
             Was the Champion of Vehumet.
             Slain by a deep troll (17 damage)
             ... on level 2 of the Depths on Apr 11, 2024.
             The game lasted 03:09:35 (66151 turns).

DrunkBamboolord the Earth Mage (GrEE)              Turns: 66151, Time: 03:09:36

Health: -3/137     AC: 30    Str: 14    XL:     22   Next: 96%
Magic:  30/53      EV: 15    Int: 25    God:    Vehumet [******]
Gold:   2314       SH:  6    Dex: 10    Spells: 6/57 levels left

rFire   + . .        a - staff of earth
rCold   + . .        Y - +1 buckler {rF+}
rNeg    + . .        P - +0 steam dragon scales
rPois   ∞            o - +1 helmet
rElec   +            K - +2 cloak {rPois}
rCorr   .            i - +2 pair of gloves
SInv    .            x - +0 pair of boots
Will    +....        s - amulet of magic regeneration
Stlth   +++          u - ring of magical power
HPRegen 0.42/turn    z - ring of protection from cold
MPRegen 0.73/turn

%: no passive effects
@: flying, contaminated, glowing
A: sickness immunity, AC +16, big wings, negative energy resistance 1,
electricity resistance, torment resistance 1, petrification resistance,
screaming 1
}: 2/15 runes: barnacled, gossamer
a: Renounce Religion


You were on level 2 of the Depths.
You worshipped Vehumet.
Vehumet was exalted by your worship.
You visited 10 branches of the dungeon, and saw 42 of its levels.
You also visited: Ice Cave and Wizlab.

You collected 6065 gold pieces.
You spent 3751 gold pieces at shops.

Inventory:

Hand Weapons
 b - the +1 long sword of the Threshing Gods {vamp, Will++}
   (You took it off an orc wizard on level 10 of the Dungeon)

   Will++:    It greatly increases your willpower.
Missiles
 F - 5 throwing nets
Armour
 i - a +2 pair of gloves (worn)
 o - a +1 helmet (worn)
 x - a +0 pair of boots (worn)
 K - a +2 cloak of poison resistance (worn)
 P - +0 steam dragon scales (worn)
 T - an orb of light
 Y - a +1 buckler of fire resistance (worn)
Magical Staves
 a - a staff of earth (weapon)
Jewellery
 m - a ring of resist corrosion
 q - a ring of willpower
 s - an amulet of magic regeneration (around neck)
 u - a ring of magical power (left hand)
 z - a ring of protection from cold (right hand)
 C - a ring of fire
 J - a ring of fire
 N - a ring of see invisible
 S - the amulet "Jainimo" {Reflect *Corrode rElec Will+++ Str+2 SH+5}
   (You found it on level 1 of the Vaults)

   [amulet of reflection]

   Reflect:   It reflects blocked missile attacks.
   Str+2:     It affects your strength (+2).
   rElec:     It insulates you from electricity.
   Will+++:   It greatly increases your willpower.
   *Corrode:  It may corrode you when you take damage.
   SH+5:      It affects your SH (+5).
 U - a ring of protection from cold
 X - a +5 ring of evasion
Wands
 k - a wand of mindburst (20)
 t - a wand of quicksilver (19)
 w - a wand of warping (24)
 A - a wand of charming (32)
 W - a wand of digging (6)
Scrolls
 d - 5 scrolls of teleportation
 g - 7 scrolls of immolation
 l - 9 scrolls of fog
 n - 7 scrolls of amnesia
 p - 6 scrolls of enchant armour
 B - a scroll of blinking
 H - 4 scrolls of butterflies
 M - 2 scrolls of revelation
 V - 2 scrolls of silence
 Z - 4 scrolls of poison
Potions
 c - 23 potions of curing
 e - 8 potions of enlightenment
 f - 7 potions of haste
 h - 6 potions of ambrosia
 j - 4 potions of brilliance
 v - 3 potions of magic
 D - 7 potions of might
 E - 2 potions of heal wounds
 G - 2 potions of resistance
 I - 3 potions of cancellation
 L - 3 potions of invisibility
 O - 2 potions of lignification
 Q - 4 potions of attraction
 R - 10 potions of mutation
Miscellaneous
 r - a phantom mirror
 y - a phial of floods


   Skills:
 + Level 14.0 Fighting
 * Level 14.9 Dodging
 + Level 15.0 Stealth
 - Level 8.0 Shields
 * Level 18.1 Spellcasting
 + Level 15.0 Conjurations
 * Level 14.6 Ice Magic
 * Level 20.5 Earth Magic
 - Level 8.0 Alchemy


You had 6 spell levels left.
You knew the following spells:

 Your Spells              Type           Power      Damage    Failure   Level
a - Sandblast             Erth           100%       2d20      0%          1
b - Stone Arrow           Conj/Erth      100%       3d13      0%          3
c - Lehudib's Crystal Sp  Conj/Erth      53%        10d12     3%          8
d - Passwall              Erth           100%       N/A       0%          3
e - Iskenderun's Mystic   Conj/Tloc      57%        2d12      (+2d61%     4
f - Lee's Rapid Deconstr  Erth           56%        3d26*     0%          5
g - Petrify               Alch/Erth      96%        N/A       1%          4
h - Permafrost Eruption   Ice/Erth       52%        2x4d12    1%          6
i - Irradiate             Conj/Alch      34%        3d23      1%          5
j - Sculpt Simulacrum     Ice/Alch       34%        N/A       4%          6
k - Bombard               Conj/Erth      53%        9d9       1%          6

Your spell library contained the following spells:

 Spells                   Type           Power      Damage    Failure   Level
 Chain Lightning          Conj/Air       28%        3d38      100%        9
 Fire Storm               Conj/Fire      28%        8d7       100%        9
 Freeze                   Ice            100%       1d10      0%          1
 Magic Dart               Conj           100%       1d8       0%          1
 Searing Ray              Conj           100%       2d8       0%          2
 Frozen Ramparts          Ice            100%       1d16      0%          3
 Hailstorm                Conj/Ice       77%        3d13      0%          3
 Brom's Barrelling Bould  Conj/Erth      100%       2d11      0%          4
 Foxfire                  Conj/Fire      100%       2x1d9     1%          1
 Kiss of Death            Conj/Necr      100%       2d13      1%          1
 Shock                    Conj/Air       100%       1d9       1%          1
 Sting                    Conj/Alch      100%       1d9       1%          1
 Ensorcelled Hibernation  Hex/Ice        100%       N/A       1%          2
 Mercury Vapours          Alch/Air       84%        N/A       1%          2
 Scorch                   Fire           44%        2d6       1%          2
 Animate Armour           Summ/Erth      100%       N/A       1%          4
 Flame Wave               Conj/Fire      57%        2d14      1%          4
 Fulminant Prism          Conj/Alch      34%        3d15      1%          4
 Olgreb's Toxic Radiance  Alch           58%        N/A       1%          4
 Sticky Flame             Fire/Alch      42%        2d8       1%          4
 Borgnjor's Vile Clutch   Necr/Erth      42%        N/A       1%          5
 Fireball                 Conj/Fire      28%        3d12      1%          5
 Iskenderun's Battlesphe  Conj           78%        2d13      1%          5
 Apportation              Tloc           44%        N/A       2%          1
 Necrotise                Necr           88%        1d8       2%          1
 Summon Small Mammal      Summ           88%        N/A       2%          1
 Inner Flame              Hex/Fire       22%        N/A       2%          3
 Volatile Blastmotes      Fire/Tloc      44%        2d13      2%          3
 Lesser Beckoning         Tloc           44%        N/A       4%          2
 Starburst                Conj/Fire      28%        6d9       5%          6
 Call Canine Familiar     Summ           22%        N/A       9%          3
 Confusing Touch          Hex            22%        N/A       9%          3
 Maxwell's Portable Pile  Tloc           22%        2d(7-20)  9%          3
 Sigil of Binding         Hex            22%        N/A       9%          3
 Swiftness                Air            22%        N/A       9%          3
 Teleport Other           Tloc           22%        N/A       9%          3
 Tukima's Dance           Hex            22%        N/A       9%          3
 Anguish                  Hex/Necr       11%        N/A       26%         4
 Animate Dead             Necr           22%        N/A       26%         4
 Dimensional Bullseye     Hex/Tloc       11%        N/A       26%         4
 Dispel Undead            Necr           22%        3d12      26%         4
 Summon Blazeheart Golem  Fire/Summ      22%        N/A       26%         4
 Summon Lightning Spire   Summ/Air       22%        N/A       26%         4
 Summon Forest            Summ/Tloc      11%        N/A       58%         5
 Summon Mana Viper        Hex/Summ       22%        N/A       58%         5
 Plasma Beam              Fire/Air       11%        2x1d22    67%         6
 Death Channel            Necr           11%        N/A       99%         6
 Summon Cactus Giant      Summ           11%        N/A       99%         6
 Ozocubu's Refrigeration  Ice            38%        4d16      1%          7
 Spellforged Servitor     Conj/Summ      28%        N/A       26%         7
 Polar Vortex             Ice            38%        12d5*     82%         9
 Malign Gateway           Summ/Tloc      11%        N/A       100%        7
 Summon Hydra             Summ           11%        N/A       100%        7
 Discord                  Hex            11%        N/A       100%        8
 Disjunction              Tloc           11%        N/A       100%        8
 Ignition                 Fire           11%        3d5       100%        8
 Sublimation of Blood     Necr           Unusable   N/A       N/A         2

Dungeon Overview and Level Annotations

Branches:
Dungeon (15/15)            Temple (1/1) D:4            Lair (5/5) D:10
 Shoals (4/4) Lair:3       Spider (4/4) Lair:2        Slime (0/5) Lair:4
    Orc (2/2) D:12            Elf (3/3) Orc:2        Vaults (4/5) D:14
  Crypt (0/3) Vaults:3     Depths (3/4) D:15           Hell (visited)
  IceCv (visited)          WizLab (visited)
    Dis: Hell:1         Geh: Hell:1         Coc: Hell:1         Tar: Hell:1

Altars:
Ashenzari
Cheibriados
Dithmenos
Elyvilon
Fedhas
Gozag
Hepliaklqana
Kikubaaqudgha
Makhleb
Nemelex Xobeh
Okawaru
Qazlal
Ru
Sif Muna
Trog
Uskayaw
Vehumet
Wu Jian
Xom
Yredelemnul
Zin
The Shining One
Beogh
Lugonu

Shops:
D:4 *   D:8 !   D:10 [   D:13 *   Orc:2 ([*[*   Elf:1 *   Elf:3 :=:?
Shoals:1 :   Shoals:3 *   Vaults:3 (   Depths:3 (

Portals:
Hell: Depths:1 Depths:2
Pandemonium: Depths:2
Ziggurat: Depths:2
Trove: Elf:3 (give +4 ice dragon scales)

Annotations:
Elf:2 5 runed translucent doors
Vaults:4 2 transporters, exclusion: orange crystal statue
Hell Geryon


Innate Abilities, Weirdness & Mutations

You are immune to sickness and miasma.
Your stone body is resilient. (AC +16)
You are immune to poison.
Your large and strong wings let you fly.
You resist negative energy. (rN+)
You are resistant to electric shocks. (rElec)
You are resistant to unholy torment.
You are immune to petrification.
You occasionally shout uncontrollably at your foes.


Message History

The deep troll completely misses you. You block the deep troll's attack. x2
The deep troll bites you but does no damage.
The deep troll misses you.
The deep troll claws you but does no damage.
The deep troll completely misses you. The deep troll claws you. x2
The deep troll closely misses you.
The deep troll claws you but does no damage. x2
You fly upwards.
Reactivating autopickup.
There is a stone staircase leading down here.
Casting: Irradiate (mildly dangerous; 1% risk of failure)
Confirm with . or Enter, or press ? or * to list all spells.
You erupt in a fountain of uncontrolled magic!
The deep troll is blasted with magical radiation!!!
The deep troll is almost dead.
The deep troll is blasted with magical radiation!!
The deep troll is heavily wounded.
You are lightly contaminated with residual magic.
The deep troll misses you. You block the deep troll's attack.
The deep troll claws you! The deep troll bites you!!
* * * LOW HITPOINT WARNING * * *
The deep troll claws you but does no damage.
The deep troll closely misses you.
Unknown command.
Casting: Irradiate (mildly dangerous; 1% risk of failure)
Confirm with . or Enter, or press ? or * to list all spells.
You erupt in a fountain of uncontrolled magic!
The deep troll is blasted with magical radiation!!
You kill the deep troll!
Vehumet accepts your kill.
You feel your power returning.
The deep troll is blasted with magical radiation!
The deep troll is severely wounded.
You are contaminated with residual magic.
The deep troll bites you!!
* * * LOW HITPOINT WARNING * * *
The deep troll claws you but does no damage. x2
The deep troll bites you but does no damage.
The deep troll claws you!
You die...

..#[.......^.....∩..........'....
..#..............................
..#...<..........................
..#.........................≈≈~≈≈
..#................##..##..≈≈##∩≈
..#......##'#####+###......≈#####
..#......#.........#....#..≈≈# #
..#......#......T..#....#..≈## ##
..#......#......@..#....+..≈# #≈
..#...=..+.........#....#..≈#####
.)#.....>###'###...##...#..≈≈∩##≈
..#...........##...##...#(..≈≈~≈≈
..#...........#..........#)......
..#######.....#...............##.
........'.....#..........########
........#.....#..........#
.....>..#.....#..........#


You could see a deep troll (fast, strong).

Vanquished Creatures
  Mara (Depths:1)
  Sojobo (D:15)
  Saint Roka (Depths:2)
  A Head Instructor (WizLab)
  A golden dragon (Depths:3)
  Rupert (D:15)
  Zenata (Elf:1)
  A deep elf blademaster (Elf:3)
  Asterion (Vaults:1)
  2 liches
  3 sphinxes
  2 deep elf master archers (Elf:3)
  A quicksilver dragon (WizLab)
  A titan (Depths:3)
  A kraken (Shoals:2)
  Kirke (D:15)
  6 tengu reavers
  Donald (Shoals:2)
  Ilsuiw (Shoals:2)
  A storm dragon (Depths:3)
  Roxanne (Shoals:4)
  5 frost giants
  5 fire giants
  2 emperor scorpions
  A draconian knight (WizLab)
  6 deep elf sorcerers
  2 deep elf elementalists (Elf:3)
  9 vault wardens
  A curse skull (Vaults:2)
  2 ghost moths
  5 orc warlords
  3 spriggan defenders
  7 ironbound thunderhulks
  8 ironbound preservers
  A formless jellyfish (Vaults:4)
  2 broodmothers
  3 stone giants
  2 vampire knights
  5 very ugly things (D:15)
  6 deep elf death magi (Elf:3)
  4 spark wasps
  6 deep elf annihilators
  5 deep elf demonologists (Elf:3)
  A war gargoyle (Vaults:3)
  The ghost of Drangen the Fighter, a journeyman CoHu of Okawaru (D:14)
  4 crystal guardians
  3 ettins
  Josephine (Orc:1)
  4 fire dragons
  8 merfolk impalers
  2 merfolk javelineers
  11 yaktaur captains
  2 green deaths (Depths:2)
  13 entropy weavers
  Fannar (Lair:3)
  3 deep elf high priests (Elf:3)
  2 spriggan air magi
  4 vault guards
  Harold (D:9)
  3 hydras
  An ogre mage (Orc:2)
  10 ironbound frosthearts
  5 great orbs of eyes
  2 rakshasas (Depths:3)
  A jorogumo (Spider:2)
  3 merfolk avatars
  4 catoblepae
  5 radroaches
  10 boulder beetles
  22 centaur warriors
  6 two-headed ogres
  3 peacekeepers
  11 dancing weapons
  Erica (Orc:1)
  A death knight (Vaults:3)
  4 satyrs
  5 tengu warriors
  A vampire mage (Vaults:3)
  10 death yaks
  5 deep troll shamans
  10 demonic crawlers
  6 deep troll earth magi
  6 orc high priests
  Sonja (Lair:5)
  2 occultists (WizLab)
  Urug (D:11)
  Amaemon (D:10)
  3 hell knights
  A salamander mystic (WizLab)
  5 iron trolls
  A storm dragon skeleton (Depths:3)
  20 deep elf knights
  6 pharaoh ants
  6 skeletal warriors
  12 deep elf archers
  5 skysharks
  5 mana vipers (WizLab)
  11 sea snakes
  3 sun moths
  16 deep trolls
  A flayed ghost (Depths:1)
  8 orb spiders
  5 arcanists
  A bog body (IceCv)
  Pikel (D:9)
  4 lindwurms (Vaults:3)
  18 ironbound convokers
  6 steelbarb worms
  33 orc knights
  3 necromancers
  16 deep elf zephyrmancers
  3 harpies
  2 thermic dynamos (Elf:2)
  12 wolf spiders
  25 deep elf pyromancers
  4 orc sorcerers
  Maurice (D:9)
  26 ugly things
  18 fauns
  4 cyclopes
  10 manticores
  A moth of wrath (Spider:4)
  2 oklob plants (Lair:4)
  9 meliai
  5 merfolk sirens
  15 elephants
  A faun (shapeshifter) (Depths:3)
  6 kobold blastminers (Orc:2)
  27 slime creatures
  An orange demon (Lair:1)
  3 black mambas
  16 vault sentinels
  6 water nymphs
  2 ice statues (IceCv)
  2 torpor snails
  A naga mage (WizLab)
  11 cane toads
  Jeremiah (D:8)
  5 gargoyles
  3 kobold demonologists
  An efreet (D:15)
  32 yaktaurs
  8 ice devils
  2 rime drakes
  11 komodo dragons
  3 freezing wraiths
  3 anaconda simulacra (IceCv)
  A tengu conjurer (Depths:1)
  6 polar bears
  A red devil (Spider:3)
  5 trolls
  3 wind drakes
  25 merfolk
  A shadow dragon simulacrum (Depths:3)
  21 jumping spiders
  24 tarantellas
  12 hornets
  27 blink frogs
  31 dream sheep
  9 snapping turtles
  Sigmund (D:5)
  A glass eye (Depths:3)
  12 culicivoras
  3 air elementals
  42 yaks
  A dire elephant simulacrum (IceCv)
  A centaur simulacrum (D:14)
  21 spriggans
  2 vampires
  3 shadows
  7 water elementals
  7 wraiths
  2 basilisks
  8 wyverns
  3 fire elementals
  2 humans (D:15)
  44 redbacks
  A basilisk (shapeshifter) (D:13)
  4 wargs
  Edmund (D:5)
  Menkaure (D:5)
  2 steam dragons
  A swamp worm (shapeshifter) (Vaults:1)
  Grum (D:8)
  3 acid dragons
  4 harpy simulacra (IceCv)
  20 water moccasins
  35 orc warriors
  2 hydra simulacra (IceCv)
  4 black bears
  An ice beast (D:7)
  4 laughing skulls
  A sky beast (D:6)
  6 ogres
  39 wolves
  14 boggarts
  A lemure (D:9)
  A phantom (D:6)
  13 centaurs
  4 kobold brigands
  12 bullfrogs
  A cane toad simulacrum (IceCv)
  4 gnoll sergeants
  4 earth elementals
  4 scorpions
  8 wights
  An elephant simulacrum (IceCv)
  7 killer bees
  5 howler monkeys
  A bombardier beetle (D:5)
  A hound (D:6)
  4 jellies
  15 orc priests
  A scrub nettle (Lair:5)
  An iguana (D:4)
  Jessica (D:3)
  7 hell rats
  3 sleepcaps
  21 orc wizards
  A troll simulacrum (IceCv)
  Robin (D:3)
  21 gnolls
  12 river rats (Lair:4)
  6 adders
  A white imp (D:6)
  7 ufetubi
  3 dart slugs
  2 ribbon worms
  138 orcs
  5 endoplasms
  3 giant cockroaches
  11 hobgoblins
  3 jackals (D:4)
  4 quokkas
  8 ball pythons
  11 bats
  7 frilled lizards
  20 goblins
  22 kobolds
  5 rats
  A tentacle (Shoals:2)
1675 creatures vanquished.

Vanquished Creatures (collateral kills)
  Frances (Shoals:1)
  An emperor scorpion (Spider:4)
  A spark wasp (Spider:4)
  An entropy weaver (Spider:4)
  3 demonic crawlers
  An iron troll (D:15)
  An orb spider (Spider:3)
  2 tarantellas (Spider:4)
  3 jumping spiders
  A redback (Spider:3)
15 creatures vanquished.

Vanquished Creatures (others)
  A human (D:15)
  A hell rat (Lair:3)
  An orc (Orc:2)
  3 tentacles (Shoals:2)
6 creatures vanquished.

Grand Total: 1696 creatures vanquished

Notes
Turn   | Place    | Note
-------+----------+-------------------------------------------
     0 | D:1      | DrunkBamboolord the Gargoyle Earth Elementalist began the
                  | quest for the Orb.
     0 | D:1      | Reached XP level 1. HP: 10/10 MP: 3/3
   121 | D:1      | Reached XP level 2. HP: 15/15 MP: 3/5
   412 | D:1      | Reached XP level 3. HP: 20/20 MP: 1/6
   416 | D:1      | Learned a level 3 spell: Stone Arrow
   967 | D:2      | Reached skill level 1 in Fighting
  1130 | D:2      | Reached XP level 4. HP: 25/25 MP: 7/7
  1471 | D:3      | Learned a level 4 spell: Brom's Barrelling Boulder
  1570 | D:3      | Noticed Robin
  1575 | D:3      | Reached skill level 4 in Earth Magic
  1577 | D:3      | Killed Robin
  1837 | D:3      | Noticed Jessica
  1839 | D:3      | Found an iron altar of Okawaru.
  1840 | D:3      | Killed Jessica
  1841 | D:3      | Reached XP level 5. HP: 29/29 MP: 7/9
  1942 | D:3      | Identified the +3 short sword of Soitakh {flame, rElec
                  | Will+ Str-3 Dex+3}
  2011 | D:3      | Found a sacrificial altar of Ru.
  2012 | D:3      | Found a snail-covered altar of Cheibriados.
  2161 | D:3      | Found a glowing silver altar of Zin.
  2170 | D:3      | Found a blossoming altar of Fedhas.
  2332 | D:4      | Found a staircase to the Ecumenical Temple.
  2354 | Temple   | Found a transporter.
  2354 | Temple   | Found a transporter.
  2354 | Temple   | Found a transporter.
  2354 | Temple   | Found a transporter.
  2354 | Temple   | Entered the Ecumenical Temple
  2484 | D:4      | Found a radiant altar of Vehumet.
  2531 | D:4      | Reached XP level 6. HP: 29/35 MP: 1/10
  2979 | D:4      | Found Vuv Fyj's General Store.
  3013 | D:4      | Bought a scroll of teleportation for 36 gold pieces
  3209 | D:5      | Entered Level 5 of the Dungeon
  3411 | D:5      | Noticed Sigmund
  3416 | D:5      | Reached skill level 5 in Earth Magic
  3416 | D:5      | Reached XP level 7. HP: 40/40 MP: 8/12
  3431 | D:5      | Killed Sigmund
  3533 | D:5      | Noticed Edmund
  3544 | D:5      | Killed Edmund
  3847 | D:5      | Reached XP level 8. HP: 45/45 MP: 11/14
  4128 | D:5      | Learned a level 3 spell: Passwall
  4139 | D:5      | Noticed Menkaure
  4143 | D:5      | Killed Menkaure
  4271 | D:6      | Reached skill level 6 in Earth Magic
  4376 | D:4      | Became a worshipper of Vehumet
  4592 | D:6      | Found a stormy altar of Qazlal.
  4943 | D:6      | Reached skill level 5 in Conjurations
  5035 | D:6      | Found a bloodstained altar of Trog.
  5110 | D:7      | Reached * piety under Vehumet
  5110 | D:7      | Offered knowledge of Sting by Vehumet.
  5111 | D:7      | Reached skill level 5 in Spellcasting
  5116 | D:7      | Reached XP level 9. HP: 51/51 MP: 9/16
  5206 | D:7      | Found an opulent altar of Gozag.
  5336 | D:7      | Reached skill level 7 in Earth Magic
  5378 | D:7      | Reached skill level 5 in Stealth
  6285 | D:8      | Offered knowledge of Shock by Vehumet.
  6290 | D:8      | Reached skill level 5 in Dodging
  6377 | D:8      | Noticed Grum
  6383 | D:8      | Killed Grum
  6383 | D:8      | Reached ** piety under Vehumet
  6384 | D:8      | Reached skill level 1 in Shields
  6496 | D:8      | Found Xyzul's Distillery.
  6501 | D:8      | Bought a potion of heal wounds for 60 gold pieces
  6501 | D:8      | Bought 2 potions of curing for 72 gold pieces
  6501 | D:8      | Bought a potion of heal wounds for 60 gold pieces
  6501 | D:8      | Bought a potion of heal wounds for 60 gold pieces
  6501 | D:8      | Bought a potion of berserk rage for 60 gold pieces
  6877 | D:8      | Noticed Jeremiah
  6921 | D:8      | Reached XP level 10. HP: 58/58 MP: 6/19
  6925 | D:8      | Reached skill level 8 in Earth Magic
  6948 | D:8      | Killed Jeremiah
  7745 | D:9      | Noticed Harold
  7751 | D:9      | Killed Harold
  8319 | D:9      | Noticed Maurice
  8325 | D:9      | Maurice stole a ring of fire
  8326 | D:9      | Killed Maurice
  8327 | D:9      | Reached skill level 5 in Fighting
  8598 | D:9      | Noticed Pikel
  8606 | D:9      | Killed Pikel
  8607 | D:9      | Reached skill level 9 in Earth Magic
  8661 | D:10     | Entered Level 10 of the Dungeon
  8781 | D:9      | Offered knowledge of Mephitic Cloud by Vehumet.
  9052 | D:10     | Reached XP level 11. HP: 48/64 MP: 14/21
  9275 | D:10     | Reached *** piety under Vehumet
  9287 | D:10     | Identified the +1 long sword of the Threshing Gods {vamp,
                  | Will++}
  9424 | D:10     | Found a staircase to the Lair.
  9495 | D:10     | Found Xoleas's Armour Shoppe.
  9669 | D:10     | Found a roughly hewn altar of Beogh.
  9693 | D:10     | Offered knowledge of Iskenderun's Mystic Blast by Vehumet.
  9700 | D:10     | Learned a level 4 spell: Iskenderun's Mystic Blast
 10000 | D:10     | Noticed a five-headed hydra
 10336 | D:11     | Reached **** piety under Vehumet
 10516 | D:11     | Noticed a two-headed ogre
 10521 | D:11     | Killed a two-headed ogre
 10857 | D:11     | Noticed Urug
 10897 | D:11     | Killed Urug
 11168 | D:12     | Reached skill level 10 in Earth Magic
 11346 | D:12     | Offered knowledge of Dazzling Flash by Vehumet.
 11676 | D:12     | Found a staircase to the Orcish Mines.
 11698 | D:12     | Noticed a boulder beetle
 11718 | D:12     | Killed a boulder beetle
 12035 | D:12     | Reached XP level 12. HP: 55/71 MP: 2/23
 12243 | D:12     | Identified the +2 ring mail "Yxeosm" {rElec rC- rCorr
                  | Int+2}
 12841 | Lair:1   | Entered Level 1 of the Lair of Beasts
 13225 | Lair:1   | Noticed Amaemon
 13367 | D:10     | Killed Amaemon
 13490 | Lair:1   | Reached skill level 5 in Shields
 13630 | Lair:1   | Learned a level 5 spell: Lee's Rapid Deconstruction
 13635 | Lair:1   | Learned a level 4 spell: Petrify
 13992 | Lair:1   | Reached ***** piety under Vehumet
 14084 | Lair:2   | Noticed a skyshark
 14087 | Lair:2   | Reached skill level 11 in Earth Magic
 14090 | Lair:2   | Killed a skyshark
 14101 | Lair:2   | Offered knowledge of Yara's Violent Unravelling by Vehumet.
 14205 | Lair:2   | Found a hole to the Spider Nest.
 14342 | Lair:2   | Found a frozen archway.
 14359 | IceCv    | Entered an ice cave
 15510 | IceCv    | Reached XP level 13. HP: 72/76 MP: 2/26
 16187 | Lair:2   | Reached skill level 12 in Earth Magic
 16365 | Lair:3   | Reached skill level 10 in Conjurations
 17052 | Lair:3   | Offered knowledge of Permafrost Eruption by Vehumet.
 17060 | Lair:3   | Learned a level 6 spell: Permafrost Eruption
 17112 | Lair:3   | Got the Discursus on the Comitatus
 17146 | Lair:3   | Identified the +3 chain mail of Defence {-Tele Fly rPois
                  | rC+}
 17230 | Lair:3   | Reached skill level 1 in Ice Magic
 17248 | Lair:3   | Noticed Fannar
 17338 | Lair:3   | Killed Fannar
 17349 | Lair:3   | Reached skill level 1 in Alchemy
 17604 | Lair:3   | Found a staircase to the Shoals.
 17944 | Lair:4   | Found a gate leading to a gauntlet.
 17945 | Lair:4   | Identified a scroll of acquirement
 17945 | Lair:4   | Acquired a staff of earth
 18144 | Lair:4   | Gained mutation: Your large and strong wings let you fly.
                  | [Gargoyle growth]
 18144 | Lair:4   | Reached XP level 14. HP: 84/84 MP: 19/27
 18159 | Lair:4   | Reached skill level 10 in Spellcasting
 18311 | Lair:4   | Reached skill level 13 in Earth Magic
 19272 | Lair:4   | Found a staircase to the Slime Pits.
 19402 | Lair:4   | Identified the +7 war axe of the Final Ziggurats {spect,
                  | rPois Will+}
 19553 | Lair:5   | Entered Level 5 of the Lair of Beasts
 19786 | Lair:5   | Offered knowledge of Orb of Destruction by Vehumet.
 19844 | Lair:5   | Noticed Sonja
 19863 | Lair:5   | Killed Sonja
 20055 | Lair:5   | Found an ornate altar of the Wu Jian Council.
 20666 | Lair:5   | Reached skill level 5 in Ice Magic
 21335 | Lair:5   | Reached XP level 15. HP: 89/89 MP: 20/29
 21797 | Lair:5   | Reached skill level 10 in Dodging
 21798 | Lair:5   | Reached skill level 14 in Earth Magic
 22818 | Lair:5   | Offered knowledge of Starburst by Vehumet.
 23569 | Orc:1    | Entered Level 1 of the Orcish Mines
 23612 | Orc:1    | Found a roughly hewn altar of Beogh.
 23723 | Orc:2    | Entered Level 2 of the Orcish Mines
 23775 | Orc:2    | Reached skill level 10 in Stealth
 24019 | Orc:2    | Found a roughly hewn altar of Beogh.
 24059 | Orc:2    | Paralysed by something for 5 turns
 24309 | Orc:2    | Found a roughly hewn altar of Beogh.
 24341 | Orc:2    | Found a staircase to the Elven Halls.
 25164 | Orc:2    | Found a roughly hewn altar of Beogh.
 25181 | Orc:2    | Found Ixtetos's Armour Emporium.
 25312 | Orc:2    | Found Gaatakh's General Store.
 25382 | Orc:2    | Bought a potion of haste for 140 gold pieces
 25382 | Orc:2    | Bought a scroll of enchant armour for 105 gold pieces
 25785 | Orc:2    | Noticed an orc warlord
 26090 | Orc:2    | Found a roughly hewn altar of Beogh.
 26093 | Orc:2    | Offered knowledge of Conjure Ball Lightning by Vehumet.
 26104 | Orc:2    | Found Ridi's General Store.
 26111 | Orc:2    | Bought 2 potions of haste for 260 gold pieces
 26111 | Orc:2    | Bought a potion of cancellation for 104 gold pieces
 26496 | Orc:2    | Found Zodwoeg's Antique Weapon Shop.
 26497 | Orc:2    | Found a roughly hewn altar of Beogh.
 26503 | Orc:2    | Found Fuohucy's Antique Armour Boutique.
 26516 | Orc:2    | Bought a runed buckler for 135 gold pieces
 26819 | Orc:1    | Noticed Erica
 26826 | Orc:1    | Killed Erica
 26833 | Orc:1    | Noticed Josephine
 26842 | Orc:1    | Killed Josephine
 27139 | Orc:1    | Found a roughly hewn altar of Beogh.
 27238 | Orc:2    | Killed an orc warlord
 28088 | D:13     | Reached XP level 16. HP: 83/96 MP: 22/31
 28198 | D:13     | Found Sicauf's Gadget Gallery.
 28203 | D:13     | Bought a phantom mirror for 560 gold pieces
 28918 | D:14     | Found a runed translucent door.
 28919 | D:14     | Found a shimmering altar of Xom.
 28919 | D:14     | Noticed Drangen's ghost (journeyman CoHu)
 28976 | D:14     | Identified the +7 broad axe "Zesuacva" {chaos, rC+ Dex+3}
 29988 | D:14     | Found a gate to the Vaults.
 30119 | D:14     | Reached skill level 15 in Earth Magic
 30752 | D:15     | Entered Level 15 of the Dungeon
 30860 | D:15     | Identified the +2 ring mail of Philately {rElec Str+4}
 31029 | D:15     | Identified the +2 leather armour "Unacsot" {Stlth+}
 31361 | D:15     | Noticed Kirke
 31370 | D:15     | Killed Kirke
 32189 | D:15     | Noticed Rupert
 32194 | D:15     | Killed Rupert
 32241 | D:15     | Reached skill level 10 in Fighting
 32668 | D:15     | Found a staircase to the Depths.
 33515 | Shoals:1 | Entered Level 1 of the Shoals
 33517 | Shoals:1 | Offered knowledge of Spellforged Servitor by Vehumet.
 33583 | Shoals:1 | Found Hohur's Vocational Training.
 33609 | Shoals:1 | Noticed Frances
 33626 | Shoals:1 | Killed Frances
 33982 | Shoals:1 | Got the Spellbook of Coordinates
 34443 | Shoals:1 | Learned a level 5 spell: Irradiate
 34448 | Shoals:1 | Learned a level 4 spell: Fulminant Prism
 34493 | Shoals:2 | Noticed Donald
 35053 | Shoals:2 | Reached XP level 17. HP: 89/102 MP: 22/33
 35471 | Shoals:2 | Killed Donald
 36162 | Shoals:2 | Noticed a kraken
 36170 | Shoals:2 | Killed a kraken
 36295 | Shoals:2 | Noticed Ilsuiw
 36299 | Shoals:2 | Reached skill level 5 in Alchemy
 36300 | Shoals:2 | Killed Ilsuiw
 37051 | Shoals:3 | Reached skill level 16 in Earth Magic
 37394 | Shoals:3 | Offered knowledge of Lehudib's Crystal Spear by Vehumet.
 37777 | Shoals:3 | Learned a level 8 spell: Lehudib's Crystal Spear
 38212 | Shoals:3 | Found Puobe's Assorted Antiques.
 38384 | Shoals:4 | Entered Level 4 of the Shoals
 38397 | Shoals:3 | Bought a scroll labelled HOLUOB HIRU for 37 gold pieces
 38397 | Shoals:3 | Bought a scroll of butterflies for 148 gold pieces
 38416 | Shoals:4 | Noticed Roxanne
 38420 | Shoals:4 | Killed Roxanne
 39297 | Shoals:4 | Got a barnacled rune of Zot
 39351 | Shoals:4 | Identified the +2 leather armour of Lethargy {Harm rF+
                  | rC+++ Will-}
 40868 | Spider:1 | Entered Level 1 of the Spider Nest
 41406 | Spider:1 | Identified the +5 falchion "Hanonesm" {antimagic, Int+8}
 41415 | Spider:1 | Reached XP level 18. HP: 108/108 MP: 34/34
 41652 | Spider:2 | Reached ****** piety under Vehumet
 42135 | Vaults:1 | Entered Level 1 of the Vaults
 42336 | Vaults:1 | Reached skill level 10 in Ice Magic
 43097 | Vaults:1 | Identified the amulet "Jainimo" {Reflect *Corrode rElec
                  | Will+++ Str+2 SH+5}
 43168 | Vaults:1 | Reached skill level 17 in Earth Magic
 43392 | Vaults:1 | Noticed Asterion
 43396 | Vaults:1 | Killed Asterion
 43417 | Vaults:1 | Offered knowledge of Fire Storm by Vehumet.
 43417 | Vaults:1 | Offered knowledge of Chain Lightning by Vehumet.
 43417 | Vaults:1 | Offered knowledge of Ignition by Vehumet.
 44686 | Vaults:2 | Acquired a manual of Spellcasting
 45445 | Vaults:2 | Reached XP level 19. HP: 86/115 MP: 36/36
 45929 | Vaults:3 | Found a staircase to the Crypt.
 47324 | Vaults:3 | Found Rofo Viy's Antique Weapon Shoppe.
 48128 | Vaults:4 | Reached skill level 18 in Earth Magic
 48220 | Vaults:4 | Found a magical portal.
 48227 | WizLab   | Entered Yara's Duelist Academy
 48637 | WizLab   | Noticed Tiuzeeb
 48656 | WizLab   | HP: 3/116 [Tiuzeeb the Head Instructor/+0 antimagic triple
                  | sword (19)]
 49272 | WizLab   | Killed Tiuzeeb the Head Instructor
 49350 | WizLab   | Reached XP level 20. HP: 43/122 MP: 6/38
 49662 | WizLab   | Learned a level 6 spell: Sculpt Simulacrum
 49755 | WizLab   | Got the Encyclopedia of Brilliant Spellbinding
 50411 | Vaults:4 | Reached skill level 15 in Spellcasting
 51702 | Vaults:4 | Found a transporter.
 51712 | Vaults:4 | Found a transporter.
 53403 | Spider:3 | Gained mutation: You occasionally shout uncontrollably at
                  | your foes. [mutagenic glow]
 54551 | Spider:4 | Entered Level 4 of the Spider Nest
 54747 | Spider:3 | HP: 4/124 [demonic crawler (12)]
 55895 | Spider:4 | Reached XP level 21. HP: 93/128 MP: 19/41
 56040 | Spider:4 | Reached skill level 19 in Earth Magic
 56318 | Spider:4 | Got a gossamer rune of Zot
 56889 | Elf:1    | Entered Level 1 of the Elven Halls
 57207 | Elf:1    | Found Ceaciot's Assorted Antiques.
 57361 | Elf:1    | Bought a brightly glowing ivory amulet for 175 gold pieces
 57361 | Elf:1    | Identified the amulet "Abruteog" {Regen+ Dex+4} (You bought
                  | it in a shop on level 1 of the Elven Halls)
 57361 | Elf:1    | Bought a scroll of teleportation for 105 gold pieces
 57361 | Elf:1    | Bought a potion of heal wounds for 175 gold pieces
 57566 | Elf:1    | Identified the +5 mace of the Boar {flame, rN++ Int+2}
 57768 | Elf:1    | Found a corrupted altar of Lugonu.
 57788 | Elf:1    | Found a roughly hewn altar of Beogh.
 58068 | Elf:1    | Found an ancient bone altar of Kikubaaqudgha.
 58121 | Elf:1    | Noticed Zenata
 58129 | Elf:1    | Killed Zenata
 58575 | Elf:1    | Identified the +1 leather armour of Inquiry {Rampage rF+
                  | rC+ Int+3}
 59289 | Elf:2    | Found a huge runed translucent gate.
 59291 | Elf:2    | Found a huge runed translucent gate.
 59296 | Elf:2    | Found a huge runed translucent gate.
 59297 | Elf:2    | Found a huge runed translucent gate.
 59297 | Elf:2    | Found a huge runed translucent gate.
 59554 | Elf:3    | Entered Level 3 of the Elven Halls
 59669 | Elf:3    | Found Tibrai's Book Emporium.
 59669 | Elf:3    | Found Pedefal's Jewellery Shop.
 59670 | Elf:3    | Found Qeadal's Book Emporium.
 59695 | Elf:3    | Bought a book of Power for 588 gold pieces
 59695 | Elf:3    | Bought the Unrestrained Analects for 616 gold pieces
 59702 | Elf:3    | Learned a level 6 spell: Bombard
 60419 | Elf:3    | Found a portal to a secret trove of treasure.
 60541 | Elf:3    | Found Umeufax's Magic Scroll Boutique.
 60551 | Elf:3    | Bought a scroll of blinking for 75 gold pieces
 60551 | Elf:3    | Bought a scroll of teleportation for 30 gold pieces
 60551 | Elf:3    | Bought a scroll of enchant armour for 75 gold pieces
 60551 | Elf:3    | Bought a scroll of enchant armour for 75 gold pieces
 60866 | Elf:3    | Identified the ring of Diel Edi {rC+ Dex+3 SInv}
 61078 | Elf:3    | Identified the +9 mace of Linearity {venom, rElec rCorr
                  | Str+4}
 61082 | Elf:3    | Identified the +7 quarterstaff of the Owl {distort, rPois
                  | rN+ Str+5}
 61087 | Elf:3    | Reached XP level 22. HP: 136/136 MP: 18/43
 61376 | Elf:3    | Got the Encyclopedia of the Missiles
 61416 | Elf:3    | Acquired 763 gold pieces
 61518 | Elf:3    | Identified the +0 ring mail "Biosiamm" {rC- Dex+6}
 61984 | D:14     | Killed Drangen's ghost
 62077 | Vaults:1 | Identified the amulet of Fomm {Faith Str+6}
 62191 | Depths:1 | Entered Level 1 of the Depths
 62191 | Depths:1 | Noticed Mara
 62194 | Depths:1 | Killed Mara
 62196 | Depths:1 | Noticed Sojobo
 62790 | D:15     | Reached skill level 20 in Earth Magic
 62790 | D:15     | Killed Sojobo
 63532 | Depths:1 | Found a gateway to Hell.
 63535 | Depths:1 | Identified the +3 mace of Change {speed, rPois rF+ Dex-5}
 63940 | Depths:1 | Found a basalt altar of Yredelemnul.
 64456 | Hell     | Entered the Vestibule of Hell
 64456 | Hell     | Noticed Geryon
 64602 | Depths:2 | Found a one-way gateway to a ziggurat.
 64725 | Depths:2 | Found a one-way gate leading to the halls of Pandemonium.
 65088 | Depths:2 | Noticed Saint Roka
 65095 | Depths:2 | Killed Saint Roka
 65865 | Depths:3 | Reached skill level 15 in Stealth
 65890 | Depths:3 | Reached skill level 15 in Conjurations
 65922 | Depths:3 | Noticed a juggernaut
 65999 | Depths:3 | Found Rerraaqy's Antique Weapon Shoppe.
 66131 | Depths:3 | Noticed a golden dragon
 66138 | Depths:3 | Noticed a dread lich
 66139 | Depths:3 | Killed a golden dragon
 66151 | Depths:2 | Slain by a deep troll

Illustrated notes

Levels and vault maps discovered:
D:1:      wander_arrival_estate, layout_basic, hex_medium
D:2:      layout_rooms
D:3:      layout_basic, mainiacjoe_overflow_boulevard,
          mainiacjoe_overflow_swirl, nicolae_overflow_two_pavilions,
          dreamdust_wishing_well, uniq_jessica, uniq_robin
D:4:      layout_rooms, mainiacjoe_overflow_concentric_impassable,
          minmay_temple_entry_glass, serial_shops, nicolae_shop_stone
D:5:      layout_loops_ring, uniq_sigmund, uniq_edmund, uniq_menkaure
D:6:      layout_gridville, trog_book, grunt_qazlal_sundering
D:7:      layout_cave_pods, grunt_gozag_statues
D:8:      layout_layer_cave, serial_shops, nicolae_shop_statue_plus,
          grunt_decor_junction, nzn_life_drinkers, uniq_jeremiah, uniq_grum
D:9:      layout_irregular_city, hangedman_decor_push, uniq_maurice,
          uniq_harold, uniq_pikel
D:10:     layout_cave_pools, grunt_lair_entry_orc_guard_hut, special_room
          [special_room_orc], serial_shops, nicolae_shop_tiny_waterfront,
          onia_ninara_dug_in_and_dangerous
D:11:     layout_irregular_city, uniq_urug
D:12:     layout_cave_pods, hiddenorc2_lemuel, serial_rivers,
          chequers_serial_rivers_room_a, chequers_serial_rivers_marsh,
          chequers_serial_rivers_micro_a, chequers_serial_rivers_micro_a
D:13:     layout_cave_pools, nicolae_shop_gadgets
D:14:     layout_long_grid, skrybe_vaults_entry_preservation, ebering_ghost_xom
D:15:     grunt_enter_depths_hoard, layout_irregular_city,
          minmay_splitting_lines, chequers_serial_rivers_small_a, uniq_rupert,
          uniq_kirke
Temple:   hellmonk_temple_divided_pantheon
Lair:1:   layout_big_grid, minmay_stone_trees_small, uniq_amaemon
Lair:2:   layout_chaotic_city, nicolae_spider_entry_orb_guardian,
          portal_ice_cave_demonic_guard
Lair:3:   layout_gridlike, minmay_shoals_entry_lonely_mermaid,
          serial_bayou_shore_a, uniq_fannar
Lair:4:   beargit_carnivore_pack, layout_hall_layers,
          minmay_slime_entry_oklob_open, enter_volcano_1,
          gauntlet_entry_generic, kennysheep_rathole
Lair:5:   minmay_lair_end_enchanted_forest, layout_regular_city, basic_altar,
          evilmike_ambush [evilmike_ambush_outer_pillars,
          evilmike_ambush_inner_basic], wad_woods_river_01, uniq_sonja
Shoals:1: layout_shoals, nicolae_shop_vocational, uniq_frances
Shoals:2: layout_shoals, nicolae_shoals_circle_sea_wall,
          nicolae_shoals_gull_way, uniq_donald, uniq_ilsuiw
Shoals:3: layout_shoals, nicolae_take_the_stairs, nicolae_shoals_shepherds
Shoals:4: shoals_end_grunt_ice, layout_shoals, uniq_roxanne
Spider:1: layout_spider_delve
Spider:2: layout_spider_delve
Spider:3: layout_cave_pods, nicolae_crawler_farm
Spider:4: hellmonk_spider_rune_bug_friends, nicolae_spider_moth_buddies
Orc:1:    layout_caves, basic_altar, bh_open_orc_temple, uniq_josephine,
          uniq_erica
Orc:2:    grunt_orc_community_town_hall, layout_caves,
          grunt_orc_community_big_house_2, grunt_orc_community_big_house_2,
          grunt_orc_community_house_2, grunt_orc_community_house_2,
          grunt_orc_community_house_3, grunt_orc_community_house_2,
          serial_shops, nicolae_shop_real_fake_doors
Elf:1:    eino_elf_arrival_sip, layout_loops_corners, serial_shops,
          nicolae_shop_statue_plus, basic_altar, nicolae_elf_theology_debate,
          uniq_zenata
Elf:2:    elven_hall_of_blades_hangedman_alternative
          [nicolae_vaults_blade_armed_guards], layout_geoelf_octagon
Elf:3:    elf_hall, layout_loops_corners, nicolae_trove_entry_isolated,
          serial_shops, nicolae_shop_pleasant_corner_grove, minmay_shop_grove
Vaults:1: nicolae_vaults_heist, nicolae_vaults_offset_grid_hallway_1,
          ontoclasm_vaults_ring_square, nicolae_vaults_network_barrier,
          nicolae_vaults_storage_closets_3, v_alt_pattern_3,
          grunt_vaults_funnel, vaults_room_grid, vaults_room_stairs_pillars,
          grunt_vaults_hallway_long, hangedman_vaults_snaps, vaults_mumra_lcd,
          nicolae_vaults_rhombus_7, nicolae_vaults_enemy_cabinets,
          vaults_dpeg_emergency_exit, layout_vaults_big_cross, uniq_asterion
Vaults:2: nicolae_vaults_lightning_bolt, vaults_mumra_chevron_long, v_misc_29,
          v_pattern_1, special_room_vaults [special_room_orc],
          nicolae_vaults_closet_pinwheel_6, grunt_vaults_twisty,
          nicolae_vaults_stepped_doors, vaults_dpeg_ring,
          vaults_dpeg_encased_lava, lightli_orcish_oven, vaults_dpeg_hooks,
          nicolae_vaults_double_plus_1, layout_vaults_omnigrid
Vaults:3: nicolae_vaults_spaceships, v_pattern_5,
          minmay_crypt_entry_simple_sparse, nicolae_vaults_trapezoid_lopsided_4,
          nicolae_vaults_heart-shaped_vault, nicolae_vaults_back_hallway,
          nicolae_vaults_whirlpool_walls, nicolae_vaults_yaktaur_gun_rack,
          v_rooms_4, grunt_vaults_hallway_long, vaults_mumra_hexcomb,
          nicolae_vaults_little_squares_2, layout_vaults_big_room, serial_shops,
          shop
Vaults:4: infiniplex_enter_wizlab_spiral, hangedman_vaults_stagger,
          nicolae_vaults_windows_and_doors_thing, hangedman_vaults_pinch,
          vaults_room_hallway, hangedman_vaults_corner, v_alt_pattern_6,
          gammafunk_sealed_arena, nicolae_vaults_shelves_hall,
          nicolae_vaults_ring_of_whatevers, nicolae_vaults_apartment_1,
          vaults_room_fancy_cross, layout_vaults_ring
Depths:1: layout_cross, yredelemnul_altar_generic, hell_entry,
          solitary_fountain, roderic_serpentine_path, minmay_microvault,
          uniq_sojobo, uniq_mara
Depths:2: hellmonk_ruined_rings, layout_gridville, enter_ziggurat_a,
          rand_demon_pan_entry_3, hangedman_coc_ice_floe,
          infiniplex_staircase_split_hallway, uniq_josephina, uniq_saint_roka
Depths:3: minmay_strange_plus, layout_cave_pools, serial_shops, shop,
          grunt_hell_entry_dis_mu, nicolae_abyss_entry_one_way_or_another,
          grunt_decor_cap, minmay_staircase_bubble
Hell

Skill      XL: |  1  2  3  4  5  6  7  8  9 10 11 12 13 14 15 16 17 18 19 20 21 22 |
---------------+-------------------------------------------------------------------+-----
Dodging        | 2 3 4 5 6 7 8 9 10 11 12 13 14 | 14.9
Fighting       | 1 2 3 4 5 6 7 8 9 10 11 12 13 14 | 14.0
Conjurations   | 2 3 4 5 6 7 8 9 10 11 12 13 14 15 | 15.0
Earth Magic    | 4 5 6 7 9 10 11 12 13 14 15 16 17 18 19 20 | 20.5
Spellcasting   | 3 4 5 6 7 9 10 11 12 13 14 16 17 18 | 18.1
Stealth        | 3 4 5 6 7 8 9 10 11 12 13 14 15 | 15.0
Shields        | 1 3 4 5 6 7 8 |  8.0
Ice Magic      | 2 5 7 8 9 10 11 12 13 14 | 14.6
Alchemy        | 1 2 3 4 5 6 7 8 |  8.0

Action                     |  1- 3 |  4- 6 |  7- 9 | 10-12 | 13-15 | 16-18 | 19-21 | 22-24 || total
---------------------------+-------+-------+-------+-------+-------+-------+-------+-------++-------
  Melee: Unarmed           |     9 |       |       |       |       |       |     2 |       ||    11
         Spear             |     1 |    14 |    19 |     2 |       |       |       |       ||    36
         Long sword        |       |       |       |   177 |   182 |       |       |       ||   359
         Staff             |       |       |       |       |    94 |   191 |   108 |    21 ||   414
   Cast: Sandblast         |    56 |   105 |   217 |   356 |   231 |     8 |     9 |       ||   982
         Brom's Barrelling |       |       |     3 |    20 |    15 |     5 |       |       ||    43
         Stone Arrow       |       |       |       |   101 |   591 |   618 |   404 |    76 ||  1790
         Iskenderun's Myst |       |       |       |     2 |    20 |    29 |    40 |     8 ||    99
         Passwall          |       |       |       |     2 |     5 |       |    20 |     1 ||    28
         Lee's Rapid Decon |       |       |       |    32 |    24 |    32 |    30 |    12 ||   130
         Petrify           |       |       |       |       |    11 |     3 |       |     2 ||    16
         Permafrost Erupti |       |       |       |       |     8 |   214 |   308 |    91 ||   621
         Irradiate         |       |       |       |       |       |     4 |    46 |    22 ||    72
         Lehudib's Crystal |       |       |       |       |       |       |     9 |    45 ||    54
         Sculpt Simulacrum |       |       |       |       |       |       |     7 |     1 ||     8
         Bombard           |       |       |       |       |       |       |     3 |       ||     3
  Evoke: Wand              |       |       |       |     3 |    21 |     4 |     4 |     2 ||    34
         Phial of floods   |       |       |       |       |       |     2 |     1 |       ||     3
         Phantom mirror    |       |       |       |       |       |     1 |     2 |       ||     3
    Use: Scroll            |       |     5 |     4 |    14 |     5 |    16 |    14 |     2 ||    60
         Potion            |       |       |       |     5 |     2 |     1 |    10 |       ||    18
   Stab: Sleeping          |     1 |     1 |       |     1 |       |       |     4 |     1 ||     8
         Petrified         |       |       |       |       |     2 |    11 |       |       ||    13
         Distracted        |       |       |       |       |       |     1 |       |       ||     1
 Armour: Robe              |    12 |    43 |   144 |   112 |       |       |       |       ||   311
         Steam dragon scal |       |       |       |   456 |   950 |   546 |   802 |   223 ||  2977
         Skin              |       |       |       |       |    39 |       |       |       ||    39
  Dodge: Dodged            |    19 |    39 |   122 |   460 |   772 |   368 |   566 |   115 ||  2461
  Block: Buckler           |       |       |     4 |   146 |   315 |   203 |   125 |    58 ||   851
         Reflection        |       |       |       |       |       |       |     6 |       ||     6

Table legend: (Time is in decaauts)
 A = Elapsed time spent in this place.
 B = Non-inter-level travel time spent in this place.
 C = Inter-level travel time spent in this place.
 D = Time resting spent in this place.
 E = Time spent auto-exploring this place.
 F = Levels seen in this place.
 G = Mean time per level.
                   A        B        C        D        E       F      G
               +--------+--------+--------+--------+--------+-----+--------+
         Total |  67114 |  62914 |   4200 |  17763 |  31574 |  44 | 1525.3 |
       Dungeon |  21361 |  19914 |   1447 |   4127 |  11812 |  15 | 1424.1 |
        Temple |    129 |    129 |      0 |     89 |      0 |   1 |  129.0 |
          Lair |   9960 |   9030 |    930 |   2734 |   3744 |   5 | 1992.0 |
        Shoals |   7479 |   7096 |    383 |   1920 |   4098 |   4 | 1869.8 |
   Spider Nest |   5354 |   5079 |    275 |   1955 |   2238 |   4 | 1338.5 |
  Orcish Mines |   4173 |   3940 |    233 |   1363 |   1693 |   2 | 2086.5 |
   Elven Halls |   4597 |   4246 |    351 |    864 |   2169 |   3 | 1532.3 |
        Vaults |   8222 |   7855 |    367 |   2162 |   4141 |   4 | 2055.5 |
        Depths |   2773 |   2564 |    209 |    644 |   1423 |   3 |  924.3 |
          Hell |      1 |      1 |      0 |      0 |      0 |   1 |    1.0 |
      Ice Cave |   1485 |   1485 |      0 |    962 |    141 |   1 | 1485.0 |
        Wizlab |   1575 |   1575 |      0 |    942 |    115 |   1 | 1575.0 |
               +--------+--------+--------+--------+--------+-----+--------+

Top non-repeatable levels by time:
    D:15: 3395 daAuts
  Lair:5: 3217 daAuts
    D:14: 2906 daAuts
   Orc:2: 2789 daAuts
Spider:3: 2762 daAuts
Shoals:3: 2323 daAuts
Vaults:4: 2164 daAuts
  Lair:3: 2129 daAuts
Vaults:3: 2037 daAuts
   Elf:3: 2030 daAuts
Vaults:2: 2022 daAuts
Vaults:1: 1998 daAuts
Shoals:2: 1941 daAuts
  Lair:4: 1881 daAuts
Shoals:4: 1849 daAuts
